 Dungeon Crawl Stone Soup version 0.29.1-2-gbd0b4ee654 (webtiles) character file.

Game seed: 2405502890140467146

5795 Anriel the Carver (level 10, -4/74 (75) HPs)
             Began as a Demonspawn Gladiator on Nov 11, 2022.
             Was a Follower of Makhleb.
             Killed from afar by Lodul (19 damage)
             ... with a bolt of lightning
             ... on level 10 of the Dungeon.
             The game lasted 01:08:40 (11679 turns).

Anriel the Carver (Demonspawn Gladiator)           Turns: 11679, Time: 01:08:40

HP:   -4/74 (75)    AC: 16    Str: 19    XL:     10   Next: 50%
MP:   14/14         EV: 10    Int: 13    God:    Makhleb [*.....]
Gold: 290           SH:  0    Dex: 22    Spells: 9/9 levels left

rFire   . . .      SeeInvis .   y - +0 shortbow (freeze)
rCold   . . .      Faith    .   (shield currently unavailable)
rNeg    . . .      Spirit   .   q - +1 chain mail
rPois   .          Reflect  .   m - +0 helmet {Int+3}
rElec   .          Harm     .   E - +2 cloak
rCorr   +          Rampage  .   f - +0 pair of gloves
Will    .....                   (no boots)
Stlth   ..........              (no amulet)
HPRegen 1.02/turn               h - ring of resist corrosion
MPRegen 0.14/turn               r - +6 ring of dexterity

@: lightly drained
A: icy blue scales 2, demonic guardian 1, thin skeletal structure 1, deformed
body, regeneration 1, wild magic 1, MP-powered wands
a: Renounce Religion


You were on level 10 of the Dungeon.
You worshipped Makhleb.
Makhleb was aware of your devotion.
You visited 2 branches of the dungeon, and saw 12 of its levels.

You collected 621 gold pieces.
You spent 331 gold pieces at shops.

Inventory:

Hand Weapons
 a - a +2 sling of flaming
 y - a +0 shortbow of freezing (weapon)
 B - a +1 scimitar
Missiles
 d - 5 throwing nets
 e - 4 javelins
 o - 6 silver javelins
Armour
 f - a +0 pair of gloves (worn)
 m - a +0 helmet of intelligence (worn)
 q - a +1 chain mail (worn)
 v - +0 acid dragon scales
 w - the +1 scale mail "Nunkeat" {Fly}
   (You bought it in a shop on level 5 of the Dungeon)

   Fly:       It grants you flight.
 E - a +2 cloak (worn)
Jewellery
 c - the ring "Unybbo" {rPois Will+ Str+5}
   (You found it on level 9 of the Dungeon)

   [ring of willpower]

   Str:       It affects your strength (+5).
   rPois:     It protects you from poison.
   Will:      It increases your willpower.
 g - a +6 ring of dexterity
 h - a ring of resist corrosion (left hand)
 r - a +6 ring of dexterity (right hand)
 u - a ring of magical power
 x - an amulet of magic regeneration
Wands
 i - a wand of digging (5)
 n - a wand of flame (16)
Scrolls
 k - a scroll of teleportation
 p - 4 scrolls of magic mapping
 z - a scroll of amnesia
 C - a scroll of enchant weapon
 G - 2 scrolls of identify
Potions
 b - a potion of brilliance
 j - a potion of cancellation
 l - 2 potions of flight
 s - a potion of attraction
 D - a potion of lignification


   Skills:
 + Level 5.6 Fighting
 + Level 8.8 Long Blades
 + Level 5.4 Ranged Weapons
 + Level 2.0 Throwing
 + Level 7.1 Armour
 + Level 4.2 Dodging
 * Level 6.6 Invocations


You had 9 spell levels left.
You didn't know any spells.
Your spell library contained the following spells:

 Spells                   Type           Power      Damage    Failure   Level
 Scorch                   Fire           0%         2d5       99%         2
 Flame Wave               Conj/Fire      0%         2d4       100%        4
 Petrify                  Tmut/Erth      0%         N/A       100%        4
 Fireball                 Conj/Fire      0%         3d3       100%        5
 Iskenderun's Battlesphe  Conj           0%         2d6       100%        5
 Metabolic Englaciation   Hex/Ice        0%         N/A       100%        5
 Summon Forest            Summ/Tloc      0%         N/A       100%        5
 Summon Mana Viper        Hex/Summ       0%         N/A       100%        5
 Conjure Ball Lightning   Conj/Air       0%         3x3d6     100%        6
 Statue Form              Tmut/Erth      0%         N/A       100%        6
 Summon Cactus Giant      Summ           0%         N/A       100%        6
 Orb of Destruction       Conj           0%         9d5       100%        7


Dungeon Overview and Level Annotations

Branches:
Dungeon (11/15)            Temple (1/1) D:6
   Lair: D:8-11         Orc: D:9-12

Altars:
Ashenzari
Cheibriados
Dithmenos
Fedhas
Gozag
Hepliaklqana
Kikubaaqudgha
Makhleb
Nemelex Xobeh
Okawaru
Qazlal
Ru
Sif Muna
Trog
Uskayaw
Vehumet
Wu Jian
Xom
Yredelemnul

Shops:
D:5 (*[(   D:9 *

Annotations:
D:6 3 runed translucent doors, peterlawrence's ghost, novice MiFi
D:10 Lodul; Nergalle


Innate Abilities, Weirdness & Mutations

You are mostly covered in icy blue scales. (AC +3)
A weak demonic guardian rushes to your aid.
You have a somewhat thin skeletal structure. (Dex +2, Stealth+)
Armour fits poorly on your strangely shaped body.
Your natural rate of healing is unusually fast.
Your spells are a little harder to cast, but a little more powerful.
You expend magic power (3 MP) to strengthen your wands.


Message History

* * * LOW HITPOINT WARNING * * *
Your extra speed is starting to run out.
Fire: y) +0 shortbow (freeze)
Press: ? - help, Q - select action, (/) - cycle Shift-Dir - straight line, f/p - Lodul
Aim: Lodul, wielding a +0 dire flail (heavily wounded, 76% to hit)
You shoot an arrow. The arrow closely misses Lodul.
Lodul jingles a heavy purse and winks.
Fire: y) +0 shortbow (freeze)
Press: ? - help, Q - select action, (/) - cycle Shift-Dir - straight line, f/p - Lodul
Aim: Lodul, wielding a +0 dire flail (heavily wounded, 76% to hit)
You shoot an arrow. The arrow closely misses Lodul.
The arrow hits the yak!
The arrow freezes the yak.
The yak is moderately wounded.
Electricity crackles from Lodul's apparatus.
The bolt of lightning hits you!
* * * LOW HITPOINT WARNING * * *
A demonic guardian appears!
Fire: y) +0 shortbow (freeze)
Press: ? - help, Q - select action, (/) - cycle Shift-Dir - straight line, f/p - Lodul
Aim: Lodul, wielding a +0 dire flail (heavily wounded, ally target, 76% to hit)
You shoot an arrow. The arrow hits Lodul.
The arrow freezes Lodul.
Lodul is heavily wounded.
Fire: y) +0 shortbow (freeze)
Press: ? - help, Q - select action, (/) - cycle Shift-Dir - straight line, f/p - Lodul
Aim: Lodul, wielding a +0 dire flail (heavily wounded, ally target, 76% to hit)
You shoot an arrow. The arrow hits Lodul!
The arrow freezes Lodul.
Lodul is severely wounded.
You feel yourself slow down.
Lodul hits your iron imp with a +0 dire flail!!
Your iron imp dies!
Your iron imp disappears in a puff of smoke!
Fire: y) +0 shortbow (freeze)
Press: ? - help, Q - select action, (/) - cycle Shift-Dir - straight line, f/p - Lodul
Aim: Lodul, wielding a +0 dire flail (severely wounded, 76% to hit)
You shoot an arrow. The arrow hits Lodul.
The arrow freezes Lodul.
Lodul is severely wounded.
Unknown command.
Electricity crackles from Lodul's apparatus.
The bolt of lightning hits you!!
You die...

##...###.######
##.##
#.#....### ###
#O.......#
#.O......#
#.O......#
#Y.......#
#........#
#..##..###
#.@##### #..#
#..# #..# ##.#
#####
##.####...#
###.....(.###
###...##..###
###...####..#


You could see Lodul, a yak and 2 ogres.

Vanquished Creatures
  Pikel (D:6)
  Grinder (D:3)
  A hornet (D:9)
  3 slime creatures (D:8)
  Sigmund (D:3)
  7 yaks
  An acid dragon (D:10)
  2 sky beasts
  2 ice beasts
  An ogre (D:4)
  3 centaurs
  A phantom (D:4)
  4 bullfrogs
  2 kobold brigands
  A necrophage (D:6)
  A gnoll sergeant (D:9)
  4 scorpions
  5 wights (D:9)
  4 killer bees (D:5)
  5 electric eels
  3 jellies
  3 quasits (D:4)
  3 hounds
  4 orc priests
  Jessica (D:2)
  An iguana (D:5)
  3 orc wizards
  9 gnolls
  8 adders
  A white imp (D:6)
  An ufetubus (D:7)
  2 worms
  8 dart slugs
  19 orcs
  2 bats
  3 endoplasms (D:1)
  2 giant cockroaches (D:1)
  7 hobgoblins
  2 jackals (D:4)
  4 quokkas
  3 ball pythons
  A frilled lizard (D:1)
  5 goblins
  8 kobolds
  4 rats
157 creatures vanquished.

Vanquished Creatures (collateral kills)
  A centaur (D:8)
  Blork the orc (D:5)
  Crazy Yiuf (D:5)
  The ghost of mmigdal the Sneak, a weakling DsDe of Fedhas (D:4)
  A gnoll (D:9)
  A worm (D:2)
  A quokka (D:2)
7 creatures vanquished.

Vanquished Creatures (others)
  An orc wizard (D:6)
  An orc (D:6)
  A fungus (D:5)
  2 plants (D:7)
5 creatures vanquished.

Grand Total: 169 creatures vanquished

Notes
Turn   | Place    | Note
-------+----------+-------------------------------------------
     0 | D:1      | Anriel the Demonspawn Gladiator began the quest for the
                  | Orb.
     0 | D:1      | Reached XP level 1. HP: 16/16 MP: 1/1
   277 | D:1      | Gained mutation: A weak demonic guardian rushes to your
                  | aid. [demonic ancestry]
   277 | D:1      | Reached XP level 2. HP: 22/22 MP: 2/2
   356 | D:1      | Reached skill level 3 in Long Blades
   520 | D:1      | Found a faded altar of an unknown god.
   733 | D:1      | You fall into a shaft and drop 1 floor!
   970 | D:1      | Reached skill level 1 in Armour
  1320 | D:2      | Reached XP level 3. HP: 20/27 MP: 3/3
  1322 | D:2      | Noticed Jessica
  1327 | D:2      | Killed Jessica
  1548 | D:2      | Reached skill level 1 in Ranged Weapons
  1548 | D:2      | Reached XP level 4. HP: 30/33 MP: 4/4
  2189 | D:3      | Noticed Sigmund
  2264 | D:4      | Found a broken altar of Ashenzari.
  2318 | D:4      | Noticed a phantom
  2338 | D:4      | Killed a phantom
  2339 | D:4      | Reached XP level 5. HP: 16/39 MP: 5/5
  2397 | D:4      | Reached skill level 4 in Long Blades
  2711 | D:4      | Noticed an ogre
  2717 | D:4      | Gained mutation: You are partially covered in icy blue
                  | scales. (AC +2) [demonic ancestry]
  2717 | D:4      | Reached XP level 6. HP: 21/46 MP: 6/6
  2976 | D:4      | Noticed mmigdal's ghost (weakling DsDe)
  2998 | D:4      | Found a transporter.
  3013 | D:4      | Found a transporter.
  3100 | D:4      | Killed mmigdal's ghost
  3336 | D:3      | Noticed Grinder
  3346 | D:3      | Killed Grinder
  3347 | D:3      | Reached skill level 5 in Long Blades
  3347 | D:3      | Reached XP level 7. HP: 33/52 MP: 7/7
  3454 | D:3      | Killed Sigmund
  3578 | D:5      | Entered Level 5 of the Dungeon
  3688 | D:5      | Found a runed translucent door.
  3689 | D:5      | Noticed Crazy Yiuf
  3699 | D:5      | Killed Crazy Yiuf
  3954 | D:5      | Found Ciurol's Antique Weapon Shop.
  4108 | D:5      | Reached XP level 8. HP: 55/59 MP: 8/8
  4120 | D:5      | Noticed Blork the orc
  4133 | D:5      | Killed Blork the orc
  4164 | D:5      | Found Koas's Weapon Shoppe.
  4176 | D:5      | Bought a +0 shortbow of freezing for 88 gold pieces
  4476 | D:5      | Found Ruakoz's Antique Armour Shop.
  4496 | D:5      | Reached skill level 6 in Long Blades
  4526 | D:5      | Found Antoostri's Assorted Antiques.
  4562 | D:5      | Reached skill level 5 in Armour
  4898 | D:6      | Found a staircase to the Ecumenical Temple.
  5087 | Temple   | Entered the Ecumenical Temple
  5284 | Temple   | Became a worshipper of Makhleb the Destroyer
  5397 | D:6      | Found a runed translucent gate.
  5397 | D:6      | Found a runed translucent gate.
  5397 | D:6      | Found a runed translucent gate.
  5406 | D:6      | Noticed peterlawrence's ghost (novice MiFi)
  5468 | D:6      | Reached skill level 1 in Invocations
  5540 | D:6      | Noticed Pikel
  5641 | D:6      | Killed Pikel
  5642 | D:6      | Reached skill level 7 in Long Blades
  5642 | D:6      | Gained mutation: You are mostly covered in icy blue scales.
                  | (AC +3) [demonic ancestry]
  5642 | D:6      | Reached XP level 9. HP: 4/66 MP: 8/10
  6523 | D:5      | Bought a translucent scale mail for 243 gold pieces
  6523 | D:5      | Identified the +1 scale mail "Nunkeat" {Fly} (You bought it
                  | in a shop on level 5 of the Dungeon)
  6714 | D:7      | Noticed a troll
  7680 | D:8      | Reached skill level 5 in Fighting
  7889 | D:8      | Reached skill level 5 in Ranged Weapons
  8107 | D:8      | Reached skill level 8 in Long Blades
  8107 | D:8      | Reached skill level 5 in Invocations
  8122 | D:8      | Reached XP level 10. HP: 38/74 MP: 13/13
  8445 | D:8      | Identified a scroll of acquirement
  8445 | D:8      | Acquired a +0 helmet of intelligence
  8523 | D:9      | Found Renecres's Neck Hole.
  8531 | D:9      | Identified the ring "Unybbo" {rPois Will+ Str+5}
  8559 | D:9      | Reached * piety under Makhleb
  9094 | D:9      | Paralysed by a hornet for 1 turns
 10596 | D:10     | Entered Level 10 of the Dungeon
 10968 | D:10     | Noticed Nergalle
 10980 | D:10     | Found an iron altar of Okawaru.
 10980 | D:10     | Found an ornate altar of the Wu Jian Council.
 10980 | D:10     | Found a bloodstained altar of Trog.
 10980 | D:10     | Found a blossoming altar of Fedhas.
 11300 | D:11     | Noticed a four-headed hydra
 11303 | D:10     | Gained mutation: You have a pair of small horns on your
                  | head. [potion of mutation]
 11303 | D:10     | Gained mutation: Your muscles are strong. (Str +4, Int/Dex
                  | -1) [potion of mutation]
 11303 | D:10     | Gained mutation: You are strong-willed. (Will+) [potion of
                  | mutation]
 11304 | D:10     | Lost mutation: You have a pair of small horns on your head.
                  | [potion of mutation]
 11304 | D:10     | Lost mutation: You are strong-willed. (Will+) [potion of
                  | mutation]
 11304 | D:10     | Gained mutation: You are resistant to electric shocks.
                  | (rElec) [potion of mutation]
 11304 | D:10     | Gained mutation: You passively dampen the noise of your
                  | surroundings. [potion of mutation]
 11304 | D:10     | Gained mutation: You are agile. (Dex +4, Str/Int -1)
                  | [potion of mutation]
 11304 | D:10     | Gained mutation: You are very agile. (Dex +8, Str/Int -2)
                  | [potion of mutation]
 11328 | D:10     | Lost mutation: You are very agile. (Dex +8, Str/Int -2)
                  | [potion of mutation]
 11328 | D:10     | Lost mutation: You are agile. (Dex +4, Str/Int -1) [potion
                  | of mutation]
 11328 | D:10     | Gained mutation: You expend magic power (3 MP) to
                  | strengthen your wands. [potion of mutation]
 11328 | D:10     | Gained mutation: You have a pair of small horns on your
                  | head. [potion of mutation]
 11328 | D:10     | Gained mutation: You have a pair of horns on your head.
                  | [potion of mutation]
 11329 | D:10     | Lost mutation: Your muscles are strong. (Str +4, Int/Dex
                  | -1) [potion of mutation]
 11329 | D:10     | Lost mutation: You are resistant to electric shocks.
                  | (rElec) [potion of mutation]
 11329 | D:10     | Gained mutation: Your spells are a little harder to cast,
                  | but a little more powerful. [potion of mutation]
 11329 | D:10     | Gained mutation: Armour fits poorly on your strangely
                  | shaped body. [potion of mutation]
 11329 | D:10     | Gained mutation: Your natural rate of healing is unusually
                  | fast. [potion of mutation]
 11330 | D:10     | Lost mutation: You have a pair of horns on your head.
                  | [potion of mutation]
 11330 | D:10     | Lost mutation: You passively dampen the noise of your
                  | surroundings. [potion of mutation]
 11330 | D:10     | Lost mutation: You have a pair of small horns on your head.
                  | [potion of mutation]
 11330 | D:10     | Gained mutation: You have a somewhat thin skeletal
                  | structure. (Dex +2, Stealth+) [potion of mutation]
 11603 | D:10     | Noticed Lodul
 11679 | D:10     | Killed from afar by Lodul

Illustrated notes

Levels and vault maps discovered:
D:1:      sevenhm_arrival_forest_fort_large_4, layout_basic, serial_forest,
          infiniplex_forest_end_1, infiniplex_forest_clump_curved,
          infiniplex_forest_straight_4, infiniplex_forest_end_2,
          infiniplex_forest_straight_4, ebering_ecumenical_altar_webs
D:2:      layout_rooms, uniq_jessica
D:3:      layout_rooms, uniq_sigmund, uniq_grinder
D:4:      layout_rooms, mainiacjoe_overflow_24_doors, gammafunk_ghost_stat_death
D:5:      layout_loops_corners, serial_shops, nicolae_diamond_shop, shop,
          nicolae_stop_n_shop_2, nicolae_lakefront_shop,
          uniq_crazy_yiuf_cottage, uniq_blork_the_orc
D:6:      layout_loops_ring, nicolae_tso_swordbearing_angel,
          minmay_temple_entry_grid, gammafunk_ghost_nasty_kobolds, uniq_pikel
D:7:      layout_cave_pools, serial_bayou_lagoon_b
D:8:      layout_basic
D:9:      cheibrodos_iron_armory, layout_layer_cave, skrybe_limestone_x,
          minivault_14, amethyst_killhole, nicolae_shop_sticking_my_neck_out
D:10:     layout_cave_pods, nicolae_overflow_hidden_temple, uniq_urug,
          uniq_nergalle, uniq_lodul
D:11:     layout_grid_maze, erik_lair_orcish_takeover,
          portal_ice_cave_demonic_guard
Temple:   bh_familiar_temple

Skill      XL: |  1  2  3  4  5  6  7  8  9 10 |
---------------+-------------------------------+-----
Long Blades    | 3 4 5 7 8 |  8.8
Armour         | 1 2 3 4 5 6 7 |  7.1
Dodging        | 3 4 |  4.2
Ranged Weapons | 1 2 3 5 |  5.4
Fighting       | 3 4 5 |  5.6
Throwing       | 2 |  2.0
Invocations    | 2 5 6 |  6.6

Action                   |  1- 3 |  4- 6 |  7- 9 | 10-12 || total
-------------------------+-------+-------+-------+-------++-------
Melee: Long sword        |    63 |   134 |   272 |    31 ||   500
       Punch             |     1 |       |     6 |     2 ||     9
       Scimitar          |       |       |       |    90 ||    90
 Fire: Sling             |    22 |    26 |    20 |       ||    68
       Shortbow          |       |       |    75 |    49 ||   124
Throw: Javelin           |       |     2 |       |       ||     2
Evoke: Wand              |       |       |     1 |       ||     1
  Use: Scroll            |       |    17 |     5 |     7 ||    29
       Potion            |       |     3 |     7 |    10 ||    20
 Stab: Distracted        |       |     1 |     1 |       ||     2
Armor: Leather armour    |    17 |     1 |       |       ||    18
       Chain mail        |       |   135 |   232 |    72 ||   439
Dodge: Dodged            |    35 |    85 |   197 |    78 ||   395
